 Dungeon Crawl Stone Soup version 0.28-a0-312-gbced6e68ee (webtiles) character file.

Game seed: 9806140410066440804

108 Shayle the Insei (level 5, -3/40 HPs)
             Began as a Djinni Warper on Aug 31, 2021.
             Slain by a goblin (4 damage)
             ... led by Robin
             ... on level 3 of the Dungeon.
             The game lasted 00:05:10 (2661 turns).

Shayle the Insei (Djinni Warper)                    Turns: 2661, Time: 00:05:10

Health: -3/40      AC:  3    Str: 10    XL:     5   Next: 12%
Gold:   135        EV: 11    Int: 16    God:
                   SH:  0    Dex: 12

rFire   + + .      SeeInvis .   e - +0 whip (venom)
rCold   x . .      Faith    .   (no shield)
rNeg    . . .      Spirit   .   a - +0 leather armour
rPois   ∞          Reflect  .   (no helmet)
rElec   .          Harm     .   (no cloak)
rCorr   .          Rampage  .   (no gloves)
Will    .....                   (boots unavailable)
Stlth   +.........              (no amulet)
HPRegen 0.13/turn               (no ring)
MPRegen 0.00/turn               (no ring)

@: flying
A: sickness immunity, fire resistance 2, cold vulnerability 1, float, innate
caster, hp casting, extra vitality 1
a: no special abilities


You were on level 3 of the Dungeon.
You visited 1 branch of the dungeon, and saw 3 of its levels.

You collected 135 gold pieces.

Inventory:

Hand Weapons
 e - a +0 whip of venom (weapon)
Armour
 a - a +0 leather armour (worn)
Scrolls
 d - a scroll of enchant armour {unknown}
 f - a scroll of torment {unknown}
 h - 2 scrolls of teleportation {unknown}
Potions
 g - 2 potions of might


   Skills:
 + Level 3.1 Fighting
 - Level 0.7 Throwing
 - Level 1.0 Armour
 - Level 2.1 Dodging
 * Level 4.1 Unarmed Combat
 - Level 2.4 Spellcasting


You couldn't memorise any spells.
You knew the following spells:

 Your Spells              Type           Power      Damage    Failure   Level
a - Blink                 Tloc           N/A        N/A       16%         2
b - Lesser Beckoning      Tloc           9%         N/A       30%         3
c - Gell's Gravitas       Tloc           4%         N/A       30%         3
d - Teleport Other        Tloc           9%         N/A       30%         3
e - Manifold Assault      Tloc           9%         N/A       95%         5
f - Sting                 Tmut/Pois      36%        1d4       10%         1
g - Searing Ray           Conj           18%        3d3       16%         2
Your spell library was empty.

Dungeon Overview and Level Annotations

Branches:
Dungeon (3/15)

Altars:

Annotations:
D:2 Sigmund
D:3 Robin


Innate Abilities, Weirdness & Mutations

You are immune to sickness and miasma.
You are immune to poison.
Your flesh is very heat resistant. (rF++)
You are vulnerable to cold. (rC-)
You float through the air rather than walking.
You learn spells naturally, not from books.
Your magical power is your life essence.
You have superior vitality. (+4 HP)


Message History

A hobgoblin comes into view.
You hear a shout!
You hear a shout!
The goblin hits you but does no damage.
A goblin comes into view. It is wielding a +0 club.
Robin throws the goblin at you!
You hear a shout!
Found a stone staircase leading up.
A goblin comes into view. It is wielding a +0 dagger.
Robin drinks a potion.
Robin seems to grow stronger.
The hobgoblin hits you.
You hit the goblin.
The goblin is heavily wounded.
The goblin misses you.
Robin roars a battlecry!
The goblins go into a battle-frenzy!
The hobgoblin closely misses you.
A goblin comes into view. It is wielding a +0 club.
You hit the goblin.
You kill the goblin!
Robin throws the goblin at you! The goblin hits you with a +0 club.
The hobgoblin hits you.
You closely miss the goblin. Robin barely misses you.
The goblin hits you with a +0 club. The hobgoblin hits you.
Unknown command.
You barely miss the goblin. Robin hits you but does no damage.
A goblin comes into view. It is wielding a +0 dagger.
The goblin hits you with a +0 club. The hobgoblin closely misses you.
You closely miss the goblin.
Robin says, "My goblins will feast on your bones."
Robin closely misses you.
A hobgoblin comes into view.
The goblin closely misses you. The hobgoblin misses you.
Robin hits you with a +0 spear!
* * * LOW HITPOINT WARNING * * *
You hit the goblin but do no damage. The goblin hits you with a +0 club.
* * * LOW HITPOINT WARNING * * *
The hobgoblin barely misses you.
Robin roars a battlecry!
The goblin hits you with a +0 club.
You die...

## .# .# .. .#
.#
########g#g#...
#..†..g@gggg...
#.########g...<
#.######### ###
#..<.......
#.....#######
#######


You could see Robin (strong), 2 hobgoblins and 5 goblins.

Vanquished Creatures
  4 gnolls
  2 adders (D:2)
  2 dart slugs (D:1)
  6 bats
  5 endoplasms
  A giant cockroach (D:1)
  8 goblins
  7 hobgoblins
  2 quokkas
  3 ball pythons
  A frilled lizard (D:1)
  2 kobolds (D:1)
  2 rats
45 creatures vanquished.

Notes
Turn   | Place    | Note
-------+----------+-------------------------------------------
     0 | D:1      | Shayle the Djinni Warper began the quest for the Orb.
     0 | D:1      | Reached XP level 1. HP: 18/18 MP: 0/0
   248 | D:1      | Reached XP level 2. HP: 20/23 MP: 0/0
   819 | D:1      | Reached XP level 3. HP: 24/29 MP: 0/0
   819 | D:1      | Learned a level 1 spell: Sting
   855 | D:1      | Reached skill level 3 in Unarmed Combat
  1517 | D:2      | Reached XP level 4. HP: 23/34 MP: 0/0
  2129 | D:2      | Reached skill level 4 in Unarmed Combat
  2163 | D:2      | Reached XP level 5. HP: 3/40 MP: 0/0
  2163 | D:2      | Learned a level 2 spell: Searing Ray
  2633 | D:2      | Noticed Sigmund
  2651 | D:3      | Noticed Robin
  2661 | D:3      | HP: 1/40 [goblin[Robin] (5)]
  2661 | D:3      | Slain by a goblin

Illustrated notes

Levels and vault maps discovered:
D:1:      wander_arrival_chamber, layout_basic, serial_bayou_pond_e,
          item_on_display_a
D:2:      layout_rooms, uniq_sigmund
D:3:      layout_basic, marbit_many_paths, minmay_misc_feat_iff,
          uniq_crazy_yiuf_cottage, uniq_robin

Skill      XL: |  1  2  3  4 |
---------------+-------------+-----
Unarmed Combat | 3 4 |  4.1
Fighting       | 3 |  3.1
Throwing       | |  0.7
Armour         | |  1.0
Dodging        | |  2.1
Spellcasting   | |  2.4

Action                   |  1- 3 |  4- 6 || total
-------------------------+-------+-------++-------
Melee: Unarmed           |    56 |       ||    56
       Punch             |     1 |       ||     1
       Whip              |    64 |    44 ||   108
Throw: Boomerang         |       |     5 ||     5
 Cast: Blink             |       |     1 ||     1
  Use: Scroll            |       |     1 ||     1
Armor: Leather armour    |    61 |    10 ||    71
Dodge: Dodged            |   109 |    29 ||   138

Table legend: (Time is in decaauts)
 A = Elapsed time spent in this place.
 B = Non-inter-level travel time spent in this place.
 C = Inter-level travel time spent in this place.
 D = Time resting spent in this place.
 E = Time spent auto-exploring this place.
 F = Levels seen in this place.
 G = Mean time per level.
                   A        B        C        D        E       F      G
               +--------+--------+--------+--------+--------+-----+--------+
         Total |   2673 |   2617 |     56 |    583 |   1507 |   3 |  891.0 |
       Dungeon |   2673 |   2617 |     56 |    583 |   1507 |   3 |  891.0 |
               +--------+--------+--------+--------+--------+-----+--------+

Top non-repeatable levels by time:
     D:1: 1749 daAuts
     D:2: 904 daAuts
     D:3: 19 daAuts
